 Dungeon Crawl Stone Soup version 0.28.0 (webtiles) character file.

Game seed: 9367748629346174883

1796 Aneyh the Grappler (level 9, -5/46 HPs)
             Began as a Tengu Fighter on Feb 16, 2022.
             Was an Initiate of Ru.
             Killed by divine providence
             ... invoked by an orc priest
              (9 damage)
             ... on level 7 of the Dungeon.
             The game lasted 00:27:56 (7681 turns).

Aneyh the Grappler (Tengu Fighter)                  Turns: 7681, Time: 00:27:57

Health: -5/46      AC:  8    Str: 21    XL:     9   Next: 9%
Magic:  10/10      EV: 12    Int:  9    God:    Ru [......]
Gold:   37         SH:  4    Dex: 13    Spells: 8/8 levels left

rFire   . . .      SeeInvis .     - Unarmed
rCold   . . .      Faith    .   b - +0 buckler
rNeg    . . .      Spirit   .   a - +0 scale mail
rPois   .          Reflect  .   (helmet restricted)
rElec   .          Harm     .   (no cloak)
rCorr   .          Rampage  .   (no gloves)
Will    .....                   (boots unavailable)
Stlth   +.........              e - amulet of the acrobat
HPRegen 0.15/turn               (no ring)
MPRegen 0.12/turn               (no ring)

@: flying quickly and evasively, quick
A: beak, talons 3, nimble flight, horns 1, frail 1, no potion heal 1
a: Renounce Religion


You were on level 7 of the Dungeon.
You worshipped Ru.
Ru was noncommittal.
You visited 2 branches of the dungeon, and saw 8 of its levels.

You collected 391 gold pieces.
You spent 354 gold pieces at shops.

Inventory:

Hand Weapons
 r - a +1 scythe of freezing
Missiles
 k - 67 bolts
 y - 4 atropa-tipped darts (quivered)
Armour
 a - a +0 scale mail (worn)
 b - a +0 buckler (worn)
Magical Staves
 z - a staff of air
Jewellery
 d - a ring of ice
 e - an amulet of the acrobat (around neck)
 q - an amulet of faith
Wands
 C - a wand of flame (21)
Scrolls
 g - a scroll of holy word
 h - a scroll of silence {unknown}
 i - a scroll of enchant weapon
 j - a scroll of summoning
 m - a scroll of vulnerability {unknown}
 o - 3 scrolls of teleportation
 p - a scroll of blinking {unknown}
 s - a scroll of immolation {unknown}
 t - a scroll of amnesia {unknown}
 v - 2 scrolls of enchant armour {unknown}
 w - a scroll of fog {unknown}
 A - 4 scrolls of identify
Potions
 c - a potion of might
 f - 2 potions of attraction
 l - 2 potions of lignification
 x - a potion of degeneration {unknown}
 B - a potion of brilliance {unknown}


   Skills:
 + Level 3.9 Fighting
 + Level 8.0 Armour
 + Level 3.3 Dodging
 + Level 2.0 Stealth
 - Level 3.0 Shields
 - Level 9.0 Unarmed Combat


You had 8 spell levels left.
You didn't know any spells.
Your spell library contained the following spells:

 Spells                   Type           Power      Damage    Failure   Level
 Apportation              Tloc           0%         N/A       78%         1
 Slow                     Hex            0%         N/A       78%         1
 Confusing Touch          Hex            0%         N/A       98%         3
 Ignite Poison            Fire/Tmut/Pois 0%         N/A       98%         3
 Mephitic Cloud           Conj/Pois/Air  0%         N/A       98%         3
 Vampiric Draining        Necr           0%         2d6       98%         3
 Alistair's Intoxication  Tmut/Pois      0%         N/A       100%        5
 Freezing Cloud           Conj/Ice/Air   0%         6-21      100%        5
 Simulacrum               Ice/Necr       0%         N/A       100%        6
 Polar Vortex             Ice            0%         N/A       100%        9


Dungeon Overview and Level Annotations

Branches:
Dungeon (7/15)             Temple (1/1) D:6

Altars:
Ashenzari
Cheibriados
Dithmenos
Gozag
Hepliaklqana
Kikubaaqudgha
Makhleb
Nemelex Xobeh
Okawaru
Qazlal
Ru
Sif Muna
Trog
Uskayaw
Vehumet
Wu Jian
Xom
Yredelemnul
Zin
The Shining One

Shops:
D:3 ?   D:4 !   D:5 (   D:6 :

Annotations:
D:3 1 runed translucent door, Crazy Yiuf
D:6 2 runed translucent doors


Innate Abilities, Weirdness & Mutations

You have a beak for a mouth.
You have claws for feet.
Your magical nature lets you fly swiftly and evasively.
You have a pair of small horns on your head.
You are frail. (-10% HP)
Potions are less effective at restoring your health.


Message History

The orc priest invokes the aid of Beogh against you.
Beogh smites you!
You closely miss the orc priest. You claw the orc priest.
Your headbutt misses the orc priest.
You peck the orc priest, but do no damage.
The orc priest is lightly wounded.
The orc priest hits you but does no damage.
You hit the orc priest but do no damage.
You claw the orc priest.
The orc priest is moderately wounded.
The orc hits you but does no damage.
The orc priest mumbles some strange prayers to Beogh against you.
Beogh smites you!
The orc priest mumbles some strange prayers to Beogh against you.
Beogh smites you!
* * * LOW HITPOINT WARNING * * *
The orc priest looks satisfied for a moment.
Your system partially rejects the healing.
You feel much better.
You hit the orc. You claw the orc.
You kill the orc!
The orc priest mumbles some strange prayers to Beogh against you.
Pain shoots through your body!
* * * LOW HITPOINT WARNING * * *
Your system partially rejects the healing.
You feel much better.
The orc priest looks satisfied for a moment.
The orc priest calls down the wrath of Beogh upon you.
Beogh smites you!
* * * LOW HITPOINT WARNING * * *
Your system partially rejects the healing.
You feel better.
The orc priest mumbles some strange prayers to Beogh against you.
Beogh smites you!
* * * LOW HITPOINT WARNING * * *
You barely miss the orc priest. You headbutt the orc priest.
The orc priest is heavily wounded.
The orc priest invokes the aid of Beogh against you.
Beogh smites you!
You die...

#.. #.. # #.. #. #.# #.
#.##########.#.###
####.##......oo@........
#............o####.###<#####
#...........### ........
#.............# #....#######
#.#####+#####.# #........#..
# #.#####...####.#.#
#....†............
#..######.###.....
#..##.....#.#.....


You could see 2 orc priests and an orc.

Vanquished Creatures
  An ice beast (D:6)
  A sky beast (D:6)
  2 black bears
  A hornet zombie (D:6)
  3 ogres
  2 phantoms
  3 scorpions
  2 water moccasin zombies
  2 hounds
  2 jellies
  A bullfrog skeleton (D:5)
  A gnoll shaman (D:4)
  An orc priest (D:6)
  2 centaur skeletons
  3 iguanas (D:5)
  2 orc wizards
  A hound zombie (D:5)
  A howler monkey zombie (D:5)
  A howler monkey skeleton (D:5)
  9 gnolls
  3 adders
  A shadow imp (D:6)
  2 ufetubi
  2 worms (D:3)
  A dart slug (D:3)
  13 orcs
  3 endoplasms
  2 giant cockroaches
  11 goblins
  14 hobgoblins
  2 jackals (D:2)
  6 kobolds
  3 quokkas
  5 ball pythons
  2 bats (D:2)
  4 frilled lizards
  3 rats
118 creatures vanquished.

Vanquished Creatures (others)
  2 plants (D:6)
2 creatures vanquished.

Grand Total: 120 creatures vanquished

Notes
Turn   | Place    | Note
-------+----------+-------------------------------------------
     0 | D:1      | Aneyh the Tengu Fighter began the quest for the Orb.
     0 | D:1      | Reached XP level 1. HP: 14/14 MP: 2/2
    88 | D:1      | Found a faded altar of an unknown god.
    96 | D:1      | Got Plato's Papyrus of Curses
   286 | D:1      | Reached XP level 2. HP: 1/19 MP: 3/3
  1184 | D:2      | Reached XP level 3. HP: 17/23 MP: 4/4
  1321 | D:3      | Reached skill level 3 in Unarmed Combat
  1461 | D:2      | Reached XP level 4. HP: 10/28 MP: 5/5
  2022 | D:2      | Found a radiant altar of Vehumet.
  2208 | D:2      | Noticed an ogre
  2214 | D:2      | Killed an ogre
  2215 | D:2      | Reached skill level 4 in Unarmed Combat
  2215 | D:2      | Gained mutation: Your magical nature lets you fly swiftly
                  | and evasively. [Tengu growth]
  2215 | D:2      | Reached XP level 5. HP: 29/32 MP: 6/6
  2264 | D:2      | Reached skill level 1 in Dodging
  2564 | D:3      | Reached skill level 5 in Unarmed Combat
  2640 | D:3      | Found a runed translucent door.
  2641 | D:3      | Noticed Crazy Yiuf
  2690 | D:3      | Reached XP level 6. HP: 34/37 MP: 7/7
  2841 | D:3      | Found Luczuk's Magic Scroll Shop.
  2845 | D:3      | Bought a scroll of identify for 26 gold pieces
  2845 | D:3      | Bought a scroll of teleportation for 39 gold pieces
  2845 | D:3      | Bought a scroll of identify for 26 gold pieces
  2845 | D:3      | Bought a scroll of teleportation for 39 gold pieces
  2845 | D:3      | Bought a scroll of identify for 26 gold pieces
  2846 | D:3      | Noticed a black bear
  2857 | D:3      | Killed a black bear
  2858 | D:3      | Reached skill level 5 in Armour
  3630 | D:4      | Found Jiutej's Distillery.
  3647 | D:4      | Reached skill level 6 in Unarmed Combat
  3785 | D:5      | Entered Level 5 of the Dungeon
  4021 | D:4      | Reached XP level 7. HP: 36/41 MP: 8/8
  4057 | D:5      | Found Vumiurem's Weapon Shoppe.
  4573 | D:5      | Reached skill level 7 in Unarmed Combat
  4896 | D:6      | Noticed a yak
  4897 | D:6      | Noticed a yak
  4968 | D:5      | Reached XP level 8. HP: 30/46 MP: 9/9
  5098 | D:5      | Reached skill level 8 in Unarmed Combat
  5801 | D:6      | Reached skill level 9 in Unarmed Combat
  5901 | D:6      | Reached skill level 1 in Stealth
  6422 | D:6      | Found a staircase to the Ecumenical Temple.
  6450 | Temple   | Entered the Ecumenical Temple
  6809 | Temple   | Became a worshipper of Ru the Awakened
  7219 | D:6      | Found a runed translucent door.
  7227 | D:6      | Found a runed translucent door.
  7282 | D:6      | Found Foaguirege's Self-Improvement Boutique.
  7293 | D:6      | Reached XP level 9. HP: 43/52 MP: 10/10
  7442 | D:4      | Bought a potion of mutation for 88 gold pieces
  7442 | D:4      | Bought a potion of heal wounds for 55 gold pieces
  7442 | D:4      | Bought a potion of heal wounds for 55 gold pieces
  7442 | D:4      | Gained mutation: You are frail. (-10% HP) [potion of
                  | mutation]
  7442 | D:4      | Gained mutation: Potions are less effective at restoring
                  | your health. [potion of mutation]
  7442 | D:4      | Gained mutation: Your magical capacity is low. (-10% MP)
                  | [potion of mutation]
  7442 | D:4      | Gained mutation: Your spells are a little harder to cast,
                  | but a little more powerful. [potion of mutation]
  7443 | D:4      | Lost mutation: Your magical capacity is low. (-10% MP)
                  | [potion of mutation]
  7443 | D:4      | Lost mutation: Potions are less effective at restoring your
                  | health. [potion of mutation]
  7443 | D:4      | Lost mutation: Your spells are a little harder to cast, but
                  | a little more powerful. [potion of mutation]
  7443 | D:4      | Gained mutation: Potions are less effective at restoring
                  | your health. [potion of mutation]
  7443 | D:4      | Gained mutation: You have a pair of small horns on your
                  | head. [potion of mutation]
  7681 | D:7      | Killed from afar by an orc priest

Illustrated notes

Levels and vault maps discovered:
D:1:      lightli_arrival_statuegarden, layout_basic,
          shapermc_ecumenical_altar_rom_forum
D:2:      cheibrodos_greedy_goblins, layout_loops_ring, basic_altar,
          serial_bayou_pond_e, hex_large
D:3:      layout_loops_ring, serial_shops, nicolae_shop_hallway_plus,
          uniq_crazy_yiuf_cottage
D:4:      layout_rooms, serial_shops, nicolae_diamond_shop
D:5:      cheibrodos_helix_gallery, layout_rooms, serial_shops, shop_fountains
D:6:      lemuel_insect_pit, layout_basic, minmay_temple_entry_gardened_gates,
          nicolae_shop_self_help
D:7:      minmay_the_grid_plus [minmay_the_grid_minigrid_medium,
          minmay_the_grid_holed_spiral, minmay_the_grid_gridbox,
          minmay_the_grid_paths, minmay_the_grid_prize_big_room], layout_basic,
          minmay_nine_imps
Temple:   mainiacjoe_temple_trianglar_array

Skill      XL: |  1  2  3  4  5  6  7  8  9 |
---------------+----------------------------+-----
Armour         | 4 5 6 7 8 |  8.0
Unarmed Combat | 3 4 5 6 7 9 |  9.0
Dodging        | 1 2 3 |  3.3
Stealth        | 1 2 |  2.0
Fighting       | |  3.9
Shields        | |  3.0

Action                   |  1- 3 |  4- 6 |  7- 9 || total
-------------------------+-------+-------+-------++-------
Melee: Unarmed           |    80 |   158 |   181 ||   419
       Peck              |    13 |    30 |    22 ||    65
       Kick              |    13 |    40 |    61 ||   114
       Headbutt          |       |       |     2 ||     2
  Use: Scroll            |       |     5 |     1 ||     6
       Potion            |       |       |     5 ||     5
 Stab: Sleeping          |       |       |     1 ||     1
Armor: Scale mail        |    27 |    45 |    45 ||   117
Dodge: Dodged            |    25 |    75 |   101 ||   201
Block: Buckler           |     6 |    25 |    38 ||    69
